 Dungeon Crawl Stone Soup version 0.22-a0-515-g75794bf (webtiles) character file.

36 inc the Scratcher (level 3, 3/17 HPs)
             Began as a Felid Monk on June 19, 2018.
             Quit the game on level 2 of the Dungeon.
             The game lasted 00:01:12 (908 turns).

inc the Scratcher (Felid Monk)                       Turns: 908, Time: 00:01:12

Health: 3/17       AC:  1    Str:  7    XL:     3   Next: 19%
Magic:  4/4        EV: 19    Int: 12    God:
Gold:   35         SH:  0    Dex: 18    Spells: 2/2 levels left
                                        Lives:  0   Deaths: 0

rFire    . . .     SeeInvis +     - Unarmed
rCold    . . .     Gourm    .   (shield unavailable)
rNeg     . . .     Faith    .   (armour unavailable)
rPois    .         Spirit   .   (helmet unavailable)
rElec    .         Reflect  .   (cloak unavailable)
rCorr    .         Harm     .   (gloves unavailable)
MR       .....                  (boots unavailable)
Stlth    +++.......             (no amulet)
HPRegen  0.05/turn              (no ring)
MPRegen  0.09/turn              (no ring)

@: lethally poisoned (3 -> -5), quick
A: very small, no armour, no weapons or thrown items, stealth, claws 1, fangs 3,
see invisible, carnivore, speed 1, shaggy fur 1, slow metabolism 1, sharp paws
a: no special abilities


You were on level 2 of the Dungeon.
You were not hungry.

You visited 1 branch of the dungeon, and saw 2 of its levels.

You collected 35 gold pieces.

Inventory:

Jewellery
 h - a cursed ring of loudness {unknown}
Wands
 j - a wand of polymorph (17)
Scrolls
 f - a scroll of remove curse {unknown}
 g - a scroll of enchant armour {unknown}
 i - a scroll of teleportation {unknown}
Potions
 b - a potion of berserk rage {unknown}
 c - a potion of curing {unknown}
 d - a potion of brilliance {unknown}
 e - a potion of lignification {unknown}
Comestibles
 a - 3 rations


   Skills:
 - Level 3.0 Fighting
 - Level 4.0 Dodging
 - Level 2.6 Stealth
 + Level 4.3 Unarmed Combat


You had 2 spell levels left.
You didn't know any spells.
Your spell library was empty.

Dungeon Overview and Level Annotations

Branches:
Dungeon (2/15)

Altars:


Innate Abilities, Weirdness & Mutations

You cannot wear armour.
You are incapable of wielding weapons or throwing items.
Your paws allow you to move quietly. (Stealth)
You have sharp claws.
You have razor-sharp teeth.
You have supernaturally acute eyesight. (SInv)
You are carnivorous and can eat meat at any time.
You cover ground quickly.
You are covered in fur. (AC +1)
You have a slow metabolism.
Your sharp claws are effective at attacking unaware monsters.


Message History

The bat closely misses you. The kobold barely misses you.
You scratch the bat.
You kill the bat!
The adder bites you. The kobold misses you.
You scratch the adder but do no damage. The adder bites you.
You are lethally poisoned!
The adder poisons you! The adder misses you.
You scratch the adder.
The adder is moderately wounded.
You feel sick. The adder closely misses you.
You closely miss the adder.
The adder is moderately wounded.
* * * LOW HITPOINT WARNING * * *
You feel sick. The adder closely misses you.
You scratch the adder.
The adder is severely wounded.
The adder bites you.
* * * LOW HITPOINT WARNING * * *
The adder completely misses you.
Are you sure you want to abandon this character and quit the game? (Confirm with "yes".)

. #...............#
#.##............#
........#..........#
..#####............#
.# ##...........#
#...........# #
##...........#
##.###............#
.......###@########
#.....# #S#
#...#..###K######
..#.##.w.wS.......
.##(......?.[.....
...?$##...!.......
#.##.#............
#..#..............
#.(....(....b..%..


You could see a worm, an adder, a ball python and a kobold.

Vanquished Creatures
  An adder (D:2)
  4 giant cockroaches (D:1)
  2 hobgoblins (D:1)
  3 jackals (D:1)
  3 kobolds (D:1)
  2 quokkas (D:2)
  2 bats
  2 frilled lizards (D:1)
  4 goblins
  2 rats (D:1)
25 creatures vanquished.

Notes
Turn   | Place    | Note
-------+----------+-------------------------------------------
     0 | D:1      | inc the Felid Monk began the quest for the Orb.
     0 | D:1      | Reached XP level 1. HP: 10/10 MP: 2/2
   247 | D:1      | Reached XP level 2. HP: 14/14 MP: 3/3
   896 | D:2      | Reached XP level 3. HP: 13/17 MP: 4/4
   908 | D:2      | Quit the game

Vault maps used:
D:1:      minmay_arrival_glassed_features
D:2:      serial_bayou_ford_a, minmay_tromino_v4_a, uniq_natasha

Skill      XL: |  1  2 |
---------------+-------+-----
Unarmed Combat | 4 |  4.3
Fighting       | |  3.0
Dodging        | |  4.0
Stealth        | |  2.6

Action                   || total
-------------------------++-------
Melee: Unarmed           ||    61
       Punch             ||     2
       Bite              ||     2
 Stab: Sleeping          ||     5
Armor: Skin              ||     4
Dodge: Dodged            ||    61

Table legend:
 A = Spawn XP
 B = Non-spawn XP
 C = Spawn XP percentage of total XP
 D = Spawn monster count
 E = Non-spawn monster count
 F = Spawn count percentage of total count
 G = Total turns spent on level
                    A         B        C        D         E        F      G
               +---------+---------+-------+---------+---------+-------+---------
         Total |       0 |      52 |   0.0 |       0 |      25 |   0.0 |   908
               +---------+---------+-------+---------+---------+-------+---------
           D:1 |       0 |      32 |   0.0 |       0 |      20 |   0.0 |   765
           D:2 |       0 |      20 |   0.0 |       0 |       5 |   0.0 |   143
               +---------+---------+-------+---------+---------+-------+---------
